 Dungeon Crawl Stone Soup version 0.11.3 (console) character file.

57 Lightli the Changer (level 2, 0/16 HPs)
             Began as a Deep Elf Stalker on July 3, 2022.
             Engulfed by their own noxious fumes (2 damage)
             ... on Level 1 of the Dungeon.
             The game lasted 00:02:06 (742 turns).

Lightli the Changer (Deep Elf Stalker)               Turns: 742, Time: 00:02:06

HP   0/16        AC  3     Str  7      XL: 2   Next: 32%
MP   1/4         EV 18     Int 16      God:
Gold 43          SH  0     Dex 21      Spells:  2 memorised,  1 level left

Res.Fire  : . . .   See Invis. : .   a - +2 elf dagger {=f}
Res.Cold  : . . .   Warding    : .   b - +0 elf robe
Life Prot.: . . .   Conserve   : .   (no shield)
Res.Poison: .       Res.Corr.  : .   (no helmet)
Res.Elec. : .       Clarity    : .   c - +0 elf cloak
Sust.Abil.: . .     Spirit.Shd : .   (no gloves)
Res.Mut.  : .       Stasis     : .   (no boots)
Res.Rott. : .       Ctrl.Telep.: .   (no amulet)
Saprovore : . . .   Levitation : .   (no ring) Ctrl.Flight: .
                                     (no ring)

@: confused, agile, not resistant to hostile enchantments, stealthy
A: no striking features
a: no special abilities


You were on level 1 of the Dungeon.
You were not hungry.

You visited 1 branch of the dungeon, and saw 1 of its levels.

You collected 23 gold pieces.

Inventory:

Hand weapons
 a - a +2,+2 elven dagger (weapon) {=f}
Armour
 b - a +0 elven robe (worn)
 c - a +0 elven cloak (worn)
Comestibles
 f - a bread ration
Scrolls
 i - a scroll of teleportation {unknown}
 j - a scroll of recharging {unknown}
Potions
 e - 3 potions of confusion
 h - a potion of poison
Books
 d - a book of Stalking

   Spells                             Type                      Level
   *Fulsome Distillation              Transmutation/Necromancy     1
   *Evaporate                         Fire/Transmutation           2
   Passwall                           Transmutation/Earth          3
   Petrify                            Transmutation/Earth          4
   Dig                                Transmutation/Earth          4


   Skills:
 - Level 0.7 Fighting
 - Level 1.0 Short Blades
 - Level 2.4 Dodging
 - Level 2.4 Stealth
 - Level 2.1 Stabbing
 - Level 1.5 Spellcasting
 + Level 3.3 Transmutations


You had one spell level left.
You knew the following spells:

 Your Spells              Type           Power        Failure   Level  Hunger
a - Fulsome Distillation  Trmt/Necr      N/A          12%         1    ##.....
b - Evaporate             Fire/Trmt      ##.....      17%         2    ###....


Dungeon Overview and Level Annotations

Branches:
Dungeon (1/27)

Altars:


Message History

The giant newt hisses menacingly.
The giant newt bites you.
* * * LOW HITPOINT WARNING * * *
The giant newt closely misses you.
Unknown command.
Casting: Evaporate
Confirm with . or Enter, or press ? or * to list all spells.
Throw which potion? (? for menu, Esc to quit)
Where do you want to aim your 4 potions of confusion?
Aiming: Evaporate
Press: ? - help, Shift-Dir - straight line, f - giant newt, p - hobgoblin
Aim: a giant newt That beam is likely to hit you.
Continue anyway?
The potion explodes!
The cloud engulfs the giant newt.
The cloud engulfs the hobgoblin.
The cloud engulfs you!
* * * LOW HITPOINT WARNING * * *
You are engulfed in noxious fumes.
You choke on the stench!
You are confused.
You die...

Z#.#.#..# #########
#####
##.###.#######l......#
#..#V#...............#
#..###########.......#
#..#Z# #.......#
#..#### #.......#
#...#z# #.......#
#...### #.glg...#
#...#z# #..@.$..#
#...### #?......#
#...#z# #.......#
#...### #########
#<<<# #####


You could see 2 hobgoblins and 2 giant newts.

Vanquished Creatures
  A giant gecko (D:1)
  A ball python (D:1)
  A giant cockroach (D:1)
  A goblin (D:1)
  2 hobgoblins (D:1)
  3 bats (D:1)
  2 giant newts (D:1)
  A kobold (D:1)
  A toadstool (D:1)
13 creatures vanquished.

Notes
Turn   | Place    | Note
--------------------------------------------------------------
     0 | D:1      | Lightli, the Deep Elf Stalker, began the quest for the Orb.
     0 | D:1      | Reached XP level 1. HP: 12/12 MP: 2/2
     0 | D:1      | Noticed an octopode zombie
     0 | D:1      | Noticed a dwarf zombie
     2 | D:1      | Noticed a human skeleton
     2 | D:1      | Noticed a human
     4 | D:1      | Noticed a dwarf skeleton
     5 | D:1      | Noticed a minotaur skeleton
     6 | D:1      | Noticed a ghoul
     8 | D:1      | Noticed a vampire
    10 | D:1      | Noticed a centaur zombie
    12 | D:1      | Noticed a spriggan
    12 | D:1      | Noticed a draconian zombie
    14 | D:1      | Noticed a human skeleton
    16 | D:1      | Noticed an octopode zombie
    16 | D:1      | Noticed an octopode zombie
    16 | D:1      | Noticed an elf zombie
    18 | D:1      | Noticed an ogre skeleton
   470 | D:1      | Reached skill level 3 in Transmutations
   496 | D:1      | Reached XP level 2. HP: 4/16 MP: 4/4
   612 | D:1      | Learned a level 2 spell: Evaporate
   742 | D:1      | Engulfed by their own noxious fumes
